Map: Ruins of Endion

Players

Blacky - Winner!

  • Race: Protoss Protoss
  • League: Platinum

blackxored

  • Race: Zerg Zerg
  • League: Diamond

VOD

Have the link to the VOD?

Description

Time

  • Played on: July 3, 2016, 4:54 p.m.
  • Length: 9:48
Show
View Real Time Build Order
Export as new Build Order

Blacky Protoss - Winner!

Build Orders: 1 Gate Expand 

Get SALT Encoding   

  12  0:02  Probe (Chrono Boost)  
  13  0:12  Probe (Chrono Boost)  
  14  0:19  Pylon  
  14  0:24  Probe (Chrono Boost)  
  15  0:37  Probe (Chrono Boost)  
  16  0:46  Gateway  
  16  0:51  Probe (Chrono Boost)  
  17  1:02  Probe (Chrono Boost)  
  18  1:19  Nexus  
  18  1:24  Assimilator  
  18  1:35  Cybernetics Core  
  18  1:37  Probe (Chrono Boost)  
  19  1:44  Zealot (Chrono Boost)  
  21  1:50  Probe  
  22  2:03  Probe (Chrono Boost)  
  22  2:04  Pylon  
  23  2:22  Probe (Chrono Boost)  
  24  2:30  Nexus  
  24  2:32  Probe (Chrono Boost)  
  24  2:35  Warp Gate  
  25  2:38  Probe (Chrono Boost)  
  26  2:46  Probe (Chrono Boost)  
  26  2:48  Assimilator  
  27  2:54  Probe (Chrono Boost)  
  27  2:58  Probe (Chrono Boost)  
  29  3:05  Mothership Core (Chrono Boost)  
  31  3:09  Probe (Chrono Boost)  
  33  3:20  Probe (Chrono Boost)  
  33  3:23  Probe (Chrono Boost)  
  34  3:30  Probe (Chrono Boost)  
  34  3:32  Twilight Council  
  36  3:34  Probe (Chrono Boost)  
  36  3:41  Probe (Chrono Boost)  
  37  3:44  Gateway, Probe (Chrono Boost)  
  37  3:45  Gateway  
  38  3:51  Probe (Chrono Boost)  
  38  3:52  Probe (Chrono Boost)  
  40  3:57  Probe (Chrono Boost)  
  40  4:00  Pylon  
  41  4:03  Probe (Chrono Boost)  
  41  4:07  Gateway  
  41  4:09  Gateway  
  42  4:13  Probe x2 (Chrono Boost)  
  44  4:19  Probe (Chrono Boost)  
  44  4:23  Blink (Chrono Boost)  
  45  4:27  Probe  
  45  4:29  Probe  
  47  4:33  Assimilator  
  47  4:34  Assimilator  
  47  4:36  Pylon  
  47  4:43  Pylon  
  47  4:45  Probe  
  47  4:46  Pylon, Probe x2  
  47  4:49  Stalker x2  
  54  4:59  Probe  
  54  5:00  Probe x2  
  57  5:10  Probe  
  57  5:12  Stalker x2  
  62  5:14  Stalker  
  62  5:15  Stalker, Pylon  
  66  5:23  Probe  
  66  5:24  Probe x2  
  69  5:42  Stalker x4  
  77  5:48  Gateway  
  77  5:51  Gateway  
  77  5:53  Gateway  
  77  5:55  Gateway  
  77  5:58  Gateway  
  77  5:59  Gateway  
  77  6:02  Gateway  
  77  6:14  Robotics Facility, Probe  
  77  6:16  Probe x2  
  80  6:29  Stalker x3  
  80  6:30  Stalker x2  
  90  6:33  Probe x3 (Chrono Boost)  
  93  6:49  Pylon  
  93  6:50  Pylon  
  93  6:52  Pylon  
  93  6:53  Pylon  
  93  6:59  Stalker x2  
  93  7:00  Stalker x2  
  101  7:08  Warp Prism  
  103  7:19  Stalker x3  
  103  7:20  Stalker x4  
  97  7:49  Probe x2 (Chrono Boost)  
  97  7:50  Probe (Chrono Boost)  
  66  8:21  Stalker  
  66  8:22  Stalker x5  
  66  8:23  Stalker x3  
  84  8:41  Stalker x3  
  84  8:45  Probe x3 (Chrono Boost)  
  81  8:58  Stalker x2  
  81  8:59  Stalker x5  
  93  9:23  Stalker  
  93  9:24  Stalker x3  
  97  9:25  Stalker x3  
  107  9:36  Probe x3 (Chrono Boost)  
Show
View Real Time Build Order
Export as new Build Order

blackxored Zerg 

Build Orders: Hatch First 

Get SALT Encoding   

  12  0:01  Drone  
  13  0:08  Drone  
  14  0:17  Overlord  
  14  0:23  Extractor  
  14  0:24  Drone  
  15  0:37  Drone x2  
  17  0:58  Hatchery  
  17  1:01  Drone  
  17  1:03  Drone  
  18  1:15  Extractor  
  18  1:18  Spawning Pool  
  16  1:21  Drone  
  16  1:22  Drone  
  18  1:28  Drone  
  19  1:38  Drone  
  20  1:52  Hatchery  
  19  2:04  Overlord  
  19  2:12  Zergling x6  
  22  2:17  Queen  
  24  2:23  Metabolic Boost  
  24  2:30  Drone  
  24  2:33  Overlord  
  25  2:45  Drone x3  
  25  2:47  Drone  
  29  2:56  Queen  
  31  3:06  Drone x3  
  31  3:08  Drone  
  35  3:13  Pneumatized Carapace  
  35  3:16  Drone  
  35  3:19  Drone  
  37  3:21  Drone  
  38  3:32  Overlord  
  38  3:35  Drone x3  
  38  3:36  Drone  
  38  3:37  Drone  
  38  3:39  Drone  
  44  3:41  Drone  
  44  3:43  Drone  
  46  3:49  Evolution Chamber  
  46  3:53  Baneling Nest, Drone  
  46  3:54  Drone  
  46  4:14  Zerg Melee Weapons Level 1  
  46  4:17  Extractor, Drone x3  
  46  4:19  Drone  
  49  4:37  Extractor, Drone x3  
  49  4:38  Extractor, Drone x3  
  54  4:44  Zergling x10  
  58  4:45  Overlord x2  
  58  4:46  Overlord x2  
  58  5:03  Overlord x3  
  58  5:08  Zergling x12  
  64  5:15  Baneling x4  
  64  5:21  Zergling x4  
  64  5:22  Zergling x2  
  64  5:23  Queen  
  64  5:27  Queen  
  71  5:32  Zergling x8  
  71  5:33  Zergling x2  
  76  5:54  Lair  
  76  5:56  Drone x8  
  84  6:05  Baneling x2  
  84  6:06  Baneling  
  84  6:28  Zerg Ground Armor Level 1  
  84  6:30  Drone x3  
  84  6:31  Evolution Chamber  
  84  6:32  Drone x6  
  92  6:41  Drone  
  92  6:47  Extractor, Drone x2  
  95  6:48  Extractor  
  93  6:55  Hatchery  
  93  6:57  Zerg Melee Weapons Level 2  
  93  7:00  Drone  
  93  7:01  Infestation Pit  
  93  7:02  Drone x3  
  93  7:04  Drone x3  
  95  7:32  Zergling x14  
  95  7:33  Zergling x8  
  95  7:34  Queen  
  106  7:46  Zergling x8  
  106  7:49  Extractor  
  107  7:53  Baneling x33  
  107  7:58  Zergling x6  
  109  8:06  Drone x5  
  109  8:09  Spine Crawler x2  
  109  8:11  Spire, Spine Crawler x2  
  108  8:14  Spine Crawler  
  108  8:16  Spine Crawler  
  108  8:19  Zergling x14  
  90  8:22  Baneling  
  90  8:23  Queen, Baneling x5  
  90  8:24  Queen x2  
  95  8:29  Zergling x2  
  93  8:34  Zergling x2  
  93  8:35  Zergling x12  
  93  8:41  Zergling x4  
  93  8:45  Zergling x2  
  93  8:46  Zergling x6  
  91  8:55  Zergling x6  
  90  8:59  Zergling x2  
  90  9:00  Baneling  
  90  9:01  Baneling x4  
  79  9:11  Spine Crawler  
  79  9:12  Spine Crawler x2  
  79  9:13  Spine Crawler  
  79  9:16  Spine Crawler  
  79  9:17  Spine Crawler  
  72  9:19  Spine Crawler  
  72  9:20  Zergling x8  
  74  9:27  Zergling x2  
  56  9:43  Spine Crawler  
  48  9:46  Spine Crawler  
Tags
 
Add a new tag
Caveats
  • Supply blocks, unpowered buildings, or Contaminate may cause inaccurate times.
  • Supply counts are checked every 10 seconds.